 Dungeon Crawl Stone Soup version 0.17-a0-1738-g82cdc46 (webtiles) character file.

18 andalon the Firebug (level 2, 0/15 HPs)
             Began as a Gargoyle Fire Elementalist on Aug 30, 2015.
             Slain by a hobgoblin (1 damage)
             ... on level 1 of the Dungeon.
             The game lasted 00:23:38 (1621 turns).

andalon the Firebug (Gargoyle Fire Elementalist)    Turns: 1621, Time: 00:23:38

Health: 0/15       AC:  5    Str: 11    XL:     2   Next: 66%
Magic:  5/5        EV: 11    Int: 15    God:
Gold:   43         SH:  0    Dex: 10    Spells: 2 memorised, 2 levels left

rFire  . . .     SeeInvis .     h - +0 whip
rCold  . . .     Clarity  .     k - +0 leather armour
rNeg   + . .     SustAt   .     (no shield)
rPois  ∞         Gourm    .     (no helmet)
rElec  +         Spirit   .     (no cloak)
rCorr  .         Warding  .     (no gloves)
rMut   .         Stasis   .     (no boots)
MR     .....                    (no amulet)
Stlth  ++........               (no ring)
                                (no ring)

@: not resistant to hostile enchantments, unstealthy
A: negative energy resistance 1, electricity resistance, unbreathing,
petrification resistance, rot immunity, AC +2
a: no special abilities


You were on level 1 of the Dungeon.
You were not hungry.

You visited 1 branch of the dungeon, and saw 2 of its levels.

You collected 43 gold pieces.

Inventory:

Hand weapons
 d - a +0 hunting sling
 e - a +0 club
 g - a +0 dagger
 h - a +0 whip (weapon)
 i - a +0 great sword
 j - a +0 dagger
Missiles
 f - 61 stones (quivered)
Armour
 a - a +0 robe
 k - a +0 leather armour (worn)
Books
 b - a book of Flames

   Spells                             Type                      Level
   a - Flame Tongue                   Conjuration/Fire             1
   b - Throw Flame                    Conjuration/Fire             2
   c - Conjure Flame                  Conjuration/Fire             3
   d - Inner Flame                    Hexes/Fire                   3
   e - Sticky Flame                   Conjuration/Fire             4
   f - Fireball                       Conjuration/Fire             5
Comestibles
 c - a bread ration


   Skills:
 + Level 0.2 Throwing
 + Level 1.7 Dodging
 + Level 2.4 Stealth
 + Level 2.0 Spellcasting
 + Level 1.2 Conjurations
 + Level 3.4 Fire Magic


You had 2 spell levels left.
You knew the following spells:

 Your Spells              Type           Power        Failure   Level  Hunger
a - Flame Tongue          Conj/Fire      #....        14%         1    #......
b - Throw Flame           Conj/Fire      #.....       21%         2    ###....


Dungeon Overview and Level Annotations

Branches:
Dungeon (2/15)

Altars:


Innate Abilities, Weirdness & Mutations

You are resistant to torment.
Your stone body is resilient (AC +2).
You are immune to poison.
You resist negative energy.
You are resistant to electric shocks.
You can survive without breathing.
You are immune to petrification.
You are immune to rotting.


Message History

The hobgoblin hits you but does no damage.
There is a stone staircase leading up here.
The hobgoblin hits you but does no damage.
You climb upwards.
There is a stone staircase leading down here.
The hobgoblin hits you but does no damage.
The hobgoblin hits you but does no damage.
There is a stone staircase leading down here.
The hobgoblin barely misses you.
You climb downwards.
A worm and a kobold come into view.
Found a scroll labeled CYPTUU YHAORR and 11 gold pieces.
There is a stone staircase leading up here.
The hobgoblin hits you.
* * * LOW HITPOINT WARNING * * *
You climb upwards.
There is a stone staircase leading down here.
You hit the hobgoblin but do no damage. The hobgoblin barely misses you.
You barely miss the hobgoblin. The hobgoblin hits you.
You die...

###############
#.............##
#.##########...#######
#.#####...........)..#
#....@g.####>..#####.#
#..###### ##.## #.#
#..# #.# #.# #..# #.#
#.# #).# #.# #..
#######..# #.# ##..
#........# #.# #...
#.#####..# #.# #...
#.#
#..##########.#####.#.


You could see a hobgoblin.

Vanquished Creatures
  2 bats
  A giant cockroach (D:1)
  A hobgoblin (D:1)
  8 kobolds (D:1)
  2 giant newts (D:1)
  2 goblins (D:1)
  2 rats
18 creatures vanquished.

Notes
Turn   | Place    | Note
--------------------------------------------------------------
     0 | D:1      | andalon the Gargoyle Fire Elementalist began the quest for the Orb.
     0 | D:1      | Reached XP level 1. HP: 10/10 MP: 3/3
   443 | D:1      | Reached XP level 2. HP: 15/15 MP: 5/5
   447 | D:1      | Learned a level 2 spell: Throw Flame
  1621 | D:1      | Slain by a hobgoblin

Vault maps used:
D:1:      minmay_arrival_wavy_path
D:2:      kennysheep_goblin_castle, okawaru_altar_gauntlet_db

Action                   || total
-------------------------++-------
Melee: Whip              ||    44
       Club              ||     5
       Hunting sling     ||     8
 Fire: Hunting sling     ||     2
Throw: Stone             ||    18
 Cast: Flame Tongue      ||    12
       Throw Flame       ||     3
  Use: Scroll            ||     2
 Stab: Sleeping          ||     2
  Eat: Meat ration       ||     1
